 Dungeon Crawl Stone Soup version 0.28-a0-834-g1a73be5ee4 (webtiles) character file.

Game seed: 14999820095087755990

5 Crownlay the Skirmisher (level 1, -5/19 HPs)
             Began as a Hill Orc Fighter on Nov 11, 2021.
             Slain by a hobgoblin (10 damage)
             ... on level 1 of the Dungeon.
             The game lasted 00:00:15 (123 turns).

Crownlay the Skirmisher (Hill Orc Fighter)           Turns: 123, Time: 00:00:16

Health: -5/19      AC:  6    Str: 18    XL:     1   Next: 80%
Magic:  1/1        EV:  6    Int:  8    God:
Gold:   14         SH:  4    Dex: 10    Spells: 0/0 levels left

rFire   . . .      SeeInvis .   a - +0 war axe
rCold   . . .      Faith    .   c - +0 buckler
rNeg    . . .      Spirit   .   b - +0 scale mail
rPois   .          Reflect  .   (no helmet)
rElec   .          Harm     .   (no cloak)
rCorr   .          Rampage  .   (no gloves)
Will    .....                   (no boots)
Stlth   ..........              (no amulet)
HPRegen 0.06/turn               (no ring)
MPRegen 0.07/turn               (no ring)

@: constricted
A: no striking features
a: no special abilities


You were on level 1 of the Dungeon.
You visited 1 branch of the dungeon, and saw 1 of its levels.

You collected 14 gold pieces.

Inventory:

Hand Weapons
 a - a +0 war axe (weapon)
Armour
 b - a +0 scale mail (worn)
 c - a +0 buckler (worn)
Potions
 d - a potion of might


   Skills:
 - Level 3.6 Fighting
 * Level 3.2 Axes
 - Level 3.2 Armour
 + Level 3.4 Shields


You couldn't memorise any spells.
You didn't know any spells.
Your spell library was empty.

Dungeon Overview and Level Annotations

Branches:
Dungeon (1/15)

Altars:


Message History

HP restored.
Things that are here:
a +0 short sword; a kobold corpse A rat comes into view.
A rat is nearby!
A ball python comes into view.
The ball python hisses angrily.
A frilled lizard and a hobgoblin come into view.
The frilled lizard hisses angrily.
The hobgoblin shouts!
You hear a shout!
A hobgoblin comes into view. It is wielding a +0 trident.
You block the rat's attack.
The hobgoblin shouts!
You hit the rat but do no damage. You block the rat's attack.
The rat closely misses you.
You hit the rat but do no damage. You hit the hobgoblin.
The hobgoblin barely misses you. You block the rat's attack.
You slash the hobgoblin!
You kill the hobgoblin!
You barely miss the rat. The rat bites you but does no damage.
The hobgoblin hits you from afar with a +0 trident.
The ball python closely misses you. The ball python barely misses you.
You slash the rat!
You kill the rat!
You barely miss the ball python.
The ball python bites you but does no damage.
The ball python misses you.
The hobgoblin hits you from afar with a +0 trident.
You barely miss the ball python. The ball python bites you.
The ball python grabs you. The ball python constricts you.
The hobgoblin completely misses you.
The ball python bites you but does no damage.
The ball python constricts you.
You barely miss the ball python.
The hobgoblin hits you from afar with a +0 trident.
The ball python bites you.
* * * LOW HITPOINT WARNING * * *
The ball python constricts you.
The hobgoblin hits you from afar with a +0 trident!
Ouch! That really hurt!
You die...

... ... ...
#.# .)#
#g#######
#†Sl.....
#@# #.# #.#
#.## #..#
##.# #.#
###.#####..
##..........


You could see a hobgoblin, a ball python and a frilled lizard.

Vanquished Creatures
  An endoplasm (D:1)
  A hobgoblin (D:1)
  A kobold (D:1)
  A bat (D:1)
  A rat (D:1)
5 creatures vanquished.

Notes
Turn   | Place    | Note
-------+----------+-------------------------------------------
     0 | D:1      | Crownlay the Hill Orc Fighter began the quest for the Orb.
     0 | D:1      | Reached XP level 1. HP: 19/19 MP: 1/1
   123 | D:1      | Slain by a hobgoblin

Illustrated notes

Levels and vault maps discovered:
D:1:      scummos_arrival_hexagon, layout_loops_ring, minmay_cupped

Skill      XL: |  1 |
---------------+----+-----
Axes           | 3 |  3.2
Fighting       | |  3.6
Armour         | |  3.2
Shields        | |  3.4

Action                   || total
-------------------------++-------
Melee: War axe           ||    13
Armor: Scale mail        ||     6
Dodge: Dodged            ||     7
Block: Buckler           ||     5

Table legend: (Time is in decaauts)
 A = Elapsed time spent in this place.
 B = Non-inter-level travel time spent in this place.
 C = Inter-level travel time spent in this place.
 D = Time resting spent in this place.
 E = Time spent auto-exploring this place.
 F = Levels seen in this place.
 G = Mean time per level.
                   A        B        C        D        E       F      G
               +--------+--------+--------+--------+--------+-----+--------+
         Total |    127 |    127 |      0 |      0 |     97 |   1 |  127.0 |
       Dungeon |    127 |    127 |      0 |      0 |     97 |   1 |  127.0 |
               +--------+--------+--------+--------+--------+-----+--------+

Top non-repeatable levels by time:
     D:1: 127 daAuts
